APL (24 & UNDER)
ATHENS ASSASSINS @ MONTGOMERY GREY SOX
04/02/2030
 
TOP OF THE 1ST
Athens Assassins batting - Pitching for Montgomery Grey Sox : LHP Guillermo Solano
Pitching: LHP Guillermo Solano
Batting: RHB Júlio Castillo 0-0: Ball
1-0: Ball
2-0: Foul Ball, location: 2F
2-1: Called Strike
2-2: Fly out, F8 (Flyball, 78S)
Batting: RHB Luis López 0-0: Called Strike
0-1: Ball
1-1: Ground out 4-3 (Groundball, 4MS)
Batting: SHB Chris Barrett 0-0: Called Strike
0-1: TRIPLE (Flyball, 9LD)
Batting: RHB Maximino Abbado 0-0: Called Strike
0-1: Called Strike
0-2: Foul Ball, location: 2F
0-2: SINGLE (Groundball, 4MD)
Chris Barrett scores
Batting: RHB Jonathon García 0-0: Fly out, F9 (Flyball, 9S)
Top of the 1st over - 1 run, 2 hits, 0 errors, 1 left on base; Athens 1 - Montgomery 0
BOTTOM OF THE 1ST
Montgomery Grey Sox batting - Pitching for Athens Assassins : LHP Germán Sánchez
Pitching: LHP Germán Sánchez
Batting: RHB Julius Farmer 0-0: Ball
1-0: Called Strike
1-1: Foul Ball, location: 2F
1-2: Foul Ball, location: 2F
1-2: Strikes out looking
Batting: RHB Randall James 0-0: Ball
1-0: Ball
2-0: Foul Ball, location: 2F
2-1: Foul Ball, location: 2F
2-2: Ball
3-2: SINGLE (Flyball, 89M)
Batting: RHB Pedro Castro 0-0: Ball
1-0: Ball
2-0: SINGLE (Line Drive, 8LS)
Randall James to second
Batting: LHB Aaron Thompson 0-0: Called Strike
0-1: Ball
1-1: Ball
2-1: Ball
3-1: Grounds into double play, 6-4-3 (Groundball, 6)
Bottom of the 1st over - 0 runs, 2 hits, 0 errors, 1 left on base; Athens 1 - Montgomery 0
TOP OF THE 2ND
Athens Assassins batting - Pitching for Montgomery Grey Sox : LHP Guillermo Solano
Batting: RHB Pat Johnston 0-0: Ball
1-0: Ball
2-0: Called Strike
2-1: Swinging Strike
2-2: TRIPLE (Line Drive, 89XD)
Batting: RHB Jorge Loanos 0-0: Ball
1-0: Ball
2-0: Ball
3-0: Called Strike
3-1: Base on Balls
Batting: RHB Bill Davis 0-0: Called Strike
0-1: Foul Ball, location: 2F
0-2: Ball
1-2: Ball
2-2: SINGLE (Line Drive, 6MD)
Pat Johnston scores
Jorge Loanos to second
Runner from 2nd tries for 3rd, SAFE, no throw
Batting: RHB Britt Short 0-0: SINGLE (Flyball, 9S)
Jorge Loanos scores
Bill Davis to second
Runner from 2nd tries for 3rd, SAFE, no throw
Batting: RHB Júlio Castillo 0-0: Ball
1-0: Ground out 6-3 (Groundball, 6S)
Bill Davis scores
Britt Short to second
Batting: RHB Luis López 0-0: Called Strike
Britt Short steals 3rd base
0-1: Ball
1-1: Foul Ball, location: 2F
1-2: Strikes out looking
Batting: SHB Chris Barrett 0-0: Ball
1-0: Called Strike
1-1: Ball
2-1: Foul Ball, location: 2F
2-2: Ball
3-2: Ground out 4-3 (Groundball, 4)
Top of the 2nd over - 3 runs, 3 hits, 0 errors, 1 left on base; Athens 4 - Montgomery 0
BOTTOM OF THE 2ND
Montgomery Grey Sox batting - Pitching for Athens Assassins : LHP Germán Sánchez
Batting: RHB Bobby Hulsey 0-0: Ball
1-0: Called Strike
1-1: Called Strike
1-2: Strikes out swinging
Batting: RHB Luis Pineda 0-0: Ball
1-0: Called Strike
1-1: Ball
2-1: Ground out 6-3 (Groundball, 6)
Batting: SHB Rob Lowe 0-0: Called Strike
0-1: Swinging Strike
0-2: Foul Ball, location: 2F
0-2: Ball
1-2: Strikes out swinging
Bottom of the 2nd over - 0 runs, 0 hits, 0 errors, 0 left on base; Athens 4 - Montgomery 0
TOP OF THE 3RD
Athens Assassins batting - Pitching for Montgomery Grey Sox : LHP Guillermo Solano
Batting: RHB Maximino Abbado 0-0: Ball
1-0: Called Strike
1-1: Fly out, F8 (Flyball, 8RD)
Batting: RHB Jonathon García 0-0: Called Strike
0-1: Ball
1-1: Ball
2-1: Ball
3-1: Base on Balls
Batting: RHB Pat Johnston 0-0: Foul Ball, location: 2F
0-1: Ball
1-1: Ball
2-1: Ball
3-1: Base on Balls
Jonathon García to second
Batting: RHB Jorge Loanos 0-0: Ball
1-0: Foul Ball, location: 2F
1-1: Called Strike
1-2: Foul Ball, location: 2F
1-2: Ball
2-2: Strikes out swinging
Batting: RHB Bill Davis 0-0: Ball
1-0: Foul Ball, location: 2F
1-1: Ball
Passed Ball!
Jonathon García to third
Pat Johnston to second
2-1: DOUBLE (Line Drive, 89XD)
Jonathon García scores
Pat Johnston scores
Batting: RHB Britt Short 0-0: Swinging Strike
0-1: Swinging Strike
0-2: Ball
1-2: Ball
Wild Pitch!
Bill Davis to third
2-2: Ball
3-2: Strikes out swinging
Top of the 3rd over - 2 runs, 1 hit, 0 errors, 1 left on base; Athens 6 - Montgomery 0
BOTTOM OF THE 3RD
Montgomery Grey Sox batting - Pitching for Athens Assassins : LHP Germán Sánchez
Batting: RHB Joaquín Medina 0-0: Ball
1-0: Called Strike
1-1: Foul Ball, location: 2F
1-2: Strikes out swinging
Batting: RHB Arturo Camacho 0-0: Called Strike
0-1: Ball
1-1: Foul Ball, location: 2F
1-2: Ground out 6-3 (Groundball, 56)
Batting: RHB Julius Farmer 0-0: Swinging Strike
0-1: Ground out 4-3 (Groundball, 34)
Bottom of the 3rd over - 0 runs, 0 hits, 0 errors, 0 left on base; Athens 6 - Montgomery 0
TOP OF THE 4TH
Athens Assassins batting - Pitching for Montgomery Grey Sox : LHP Guillermo Solano
Batting: RHB Júlio Castillo 0-0: Ball
1-0: Foul Ball, location: 2F
1-1: Called Strike
1-2: Ball
2-2: Fly out, F9 (Flyball, 9LMF)
Batting: RHB Luis López 0-0: Ball
1-0: Foul Ball, location: 2F
1-1: Ball
2-1: Foul Ball, location: 2F
2-2: Ball
3-2: Base on Balls
Batting: SHB Chris Barrett 0-0: Ball
1-0: Foul Ball, location: 2F
1-1: Ball
2-1: Ball
3-1: Swinging Strike
3-2: SINGLE (Line Drive, 6MD)
Luis López to second
Runner from 2nd tries for 3rd, SAFE, no throw
Batting: RHB Maximino Abbado 0-0: Called Strike
0-1: Ball
1-1: Ball
2-1: Ball
3-1: Base on Balls
Chris Barrett to second
Batting: RHB Jonathon García 0-0: SINGLE (Groundball, 56D)
Luis López scores
Chris Barrett to third
Maximino Abbado to second
Runner from 3rd tries for Home, SAFE, no throw
Batting: RHB Pat Johnston 0-0: Ball
1-0: Ball
2-0: Ball
3-0: Base on Balls
Maximino Abbado to third
Jonathon García to second
Batting: RHB Jorge Loanos 0-0: Ball
1-0: Ball
2-0: Ball
3-0: Base on Balls
Maximino Abbado scores
Jonathon García to third
Pat Johnston to second
Batting: RHB Bill Davis 0-0: Swinging Strike
0-1: Ball
1-1: Foul Ball, location: 2F
1-2: Ball
2-2: Strikes out swinging
Pitching: RHP Josh Jenkins
Batting: RHB Britt Short 0-0: Ball
1-0: Foul Ball, location: 2F
1-1: Called Strike
1-2: Ball
2-2: Strikes out looking
Top of the 4th over - 3 runs, 2 hits, 0 errors, 3 left on base; Athens 9 - Montgomery 0
BOTTOM OF THE 4TH
Montgomery Grey Sox batting - Pitching for Athens Assassins : LHP Germán Sánchez
Batting: RHB Randall James 0-0: Ball
1-0: Swinging Strike
1-1: DOUBLE (Groundball, 5L)
Batting: RHB Pedro Castro 0-0: Called Strike
0-1: Ball
1-1: Ball
2-1: Ball
3-1: Base on Balls
Batting: LHB Aaron Thompson 0-0: Called Strike
0-1: Ball
1-1: Called Strike
1-2: Foul Ball, location: 2F
1-2: Strikes out looking
Batting: RHB Bobby Hulsey 0-0: Foul Ball, location: 2F
0-1: Ball
1-1: Called Strike
1-2: Foul Ball, location: 2F
1-2: DOUBLE (Flyball, 89XD)
Randall James scores
Pedro Castro to third
Runner from 3rd tries for Home, SAFE, throw made at trailing runner, SAFE at third!
Batting: RHB Luis Pineda 0-0: Ball
1-0: Ground out 1-3 (Groundball, 15S)
Batting: SHB Rob Lowe 0-0: Ball
1-0: Foul Ball, location: 2F
1-1: Ball
2-1: SINGLE (Line Drive, 4MD)
Bobby Hulsey scores
Batting: RHB Joaquín Medina 0-0: Ball
1-0: Called Strike
1-1: Called Strike
Rob Lowe steals 2nd base
1-2: Strikes out looking
Bottom of the 4th over - 3 runs, 3 hits, 0 errors, 1 left on base; Athens 9 - Montgomery 3
TOP OF THE 5TH
Athens Assassins batting - Pitching for Montgomery Grey Sox : RHP Josh Jenkins
Batting: RHB Júlio Castillo 0-0: Ball
1-0: Ground out 5-3 (Groundball, 56S)
Batting: RHB Luis López 0-0: Foul Ball, location: 2F
0-1: Ball
1-1: Ball
2-1: Ball
3-1: Base on Balls
Batting: SHB Chris Barrett 0-0: Fly out, F4 (Popup, 4)
Batting: RHB Maximino Abbado 0-0: Foul Ball, location: 2F
0-1: Ground out 4-3 (Groundball, 4S)
Top of the 5th over - 0 runs, 0 hits, 0 errors, 1 left on base; Athens 9 - Montgomery 3
BOTTOM OF THE 5TH
Montgomery Grey Sox batting - Pitching for Athens Assassins : LHP Germán Sánchez
Batting: RHB Arturo Camacho 0-0: Ball
1-0: Ball
2-0: Ball
3-0: Base on Balls
Batting: RHB Julius Farmer 0-0: Called Strike
Arturo Camacho steals 2nd base
0-1: Ball
Arturo Camacho steals 3rd base
1-1: Fly out, F4 (Popup, 4)
Batting: RHB Randall James 0-0: Ball
1-0: Ball
2-0: 2-RUN HOME RUN (Flyball, 7LD), Distance : 373 ft
Batting: RHB Pedro Castro 0-0: Ball
1-0: Ball
2-0: Ball
3-0: Called Strike
3-1: Called Strike
3-2: Fly out, F7 (Flyball, 7S)
Batting: LHB Aaron Thompson 0-0: Ball
1-0: Called Strike
1-1: Swinging Strike
1-2: Foul Ball, location: 2F
1-2: Ground out U3 (Groundball, 3)
Bottom of the 5th over - 2 runs, 1 hit, 0 errors, 0 left on base; Athens 9 - Montgomery 5
TOP OF THE 6TH
Athens Assassins batting - Pitching for Montgomery Grey Sox : RHP Josh Jenkins
Batting: RHB Jonathon García 0-0: Ball
1-0: SINGLE (Line Drive, 9LS)
Batting: RHB Pat Johnston 0-0: Foul Ball, location: 2F
0-1: Ball
1-1: Swinging Strike
1-2: Ball
2-2: Foul Ball, location: 2F
2-2: Ball
3-2: Base on Balls
Jonathon García to second
Batting: RHB Jorge Loanos 0-0: Grounds into double play, 5-4-3 (Groundball, 56)
Jonathon García to third
Batting: RHB Bill Davis 0-0: Swinging Strike
0-1: Ball
1-1: SINGLE (Flyball, 9LS)
Jonathon García scores
Batting: RHB Britt Short 0-0: Called Strike
0-1: SINGLE (Flyball, 34D)
Bill Davis to second
Batting: RHB Júlio Castillo 0-0: Ball
1-0: Ball
2-0: Called Strike
2-1: Ball
3-1: Base on Balls
Bill Davis to third
Britt Short to second
Batting: RHB Luis López 0-0: Ball
Wild Pitch!
Bill Davis scores
Britt Short to third
Júlio Castillo to second
1-0: Ball
2-0: Called Strike
2-1: Foul Ball, location: 2F
2-2: Ball
3-2: Foul Ball, location: 2F
3-2: Base on Balls
Batting: SHB Chris Barrett 0-0: Fly out, F7 (Line Drive, 7LM)
Top of the 6th over - 2 runs, 3 hits, 0 errors, 3 left on base; Athens 11 - Montgomery 5
BOTTOM OF THE 6TH
Montgomery Grey Sox batting - Pitching for Athens Assassins : LHP Germán Sánchez
Batting: RHB Bobby Hulsey 0-0: Ball
1-0: Ground out 5-3 (Groundball, 5L)
Batting: RHB Luis Pineda 0-0: Fly out, F9 (Flyball, 89S)
Batting: SHB Rob Lowe 0-0: Ball
1-0: Swinging Strike
1-1: Fly out, F8 (Flyball, 8LM)
Bottom of the 6th over - 0 runs, 0 hits, 0 errors, 0 left on base; Athens 11 - Montgomery 5
TOP OF THE 7TH
Athens Assassins batting - Pitching for Montgomery Grey Sox : RHP Josh Jenkins
Batting: RHB Maximino Abbado 0-0: Ball
1-0: Foul Ball, location: 2F
1-1: Ball
2-1: Ball
3-1: Fly out, F7 (Flyball, 78D)
Batting: RHB Jonathon García 0-0: Ball
1-0: Ball
2-0: Ball
3-0: Base on Balls
Batting: RHB Pat Johnston 0-0: Ball
1-0: Called Strike
1-1: Called Strike
1-2: Ball
2-2: Fly out, F7 (Flyball, 78S)
Batting: RHB Jorge Loanos 0-0: Called Strike
0-1: Ball
1-1: Ball
2-1: Fly out, F8 (Flyball, 8LD)
Top of the 7th over - 0 runs, 0 hits, 0 errors, 1 left on base; Athens 11 - Montgomery 5
BOTTOM OF THE 7TH
Montgomery Grey Sox batting - Pitching for Athens Assassins : LHP Germán Sánchez
Batting: RHB Joaquín Medina 0-0: Ball
1-0: Ground out 3-1 (Groundball, 34S)
Batting: RHB Arturo Camacho 0-0: Foul Ball, location: 2F
0-1: Called Strike
0-2: Ball
1-2: SINGLE (Line Drive, 8RS)
Batting: RHB Julius Farmer 0-0: Called Strike
0-1: Fly out, F3 (Popup, 3L)
Batting: RHB Randall James 0-0: Called Strike
0-1: Ball
1-1: Ball
2-1: Fly out, F7 (Flyball, 78M)
Bottom of the 7th over - 0 runs, 1 hit, 0 errors, 1 left on base; Athens 11 - Montgomery 5
TOP OF THE 8TH
Athens Assassins batting - Pitching for Montgomery Grey Sox : RHP Josh Jenkins
Batting: RHB Bill Davis 0-0: Ball
1-0: Called Strike
1-1: Foul Ball, location: 2F
1-2: Strikes out looking
Batting: RHB Britt Short 0-0: Ball
1-0: Ball
2-0: Foul Ball, location: 2F
2-1: Foul Ball, location: 2F
2-2: Fly out, F8 (Flyball, 89M)
Batting: RHB Júlio Castillo 0-0: Ball
1-0: Called Strike
1-1: Ground out 4-3 (Groundball, 4)
Top of the 8th over - 0 runs, 0 hits, 0 errors, 0 left on base; Athens 11 - Montgomery 5
BOTTOM OF THE 8TH
Montgomery Grey Sox batting - Pitching for Athens Assassins : LHP Germán Sánchez
Pitching: RHP Rod Whitaker
Now in LF: William Ewing
Batting: RHB Pedro Castro 0-0: Called Strike
0-1: Ball
1-1: Foul Ball, location: 2F
1-2: Ball
2-2: Ball
3-2: Base on Balls
Batting: LHB Aaron Thompson 0-0: Called Strike
0-1: Swinging Strike
0-2: Ball
1-2: Grounds into double play, 5-4-3 (Groundball, 56)
Batting: RHB Bobby Hulsey 0-0: Called Strike
0-1: Fly out, F9 (Flyball, 9D)
Bottom of the 8th over - 0 runs, 0 hits, 0 errors, 0 left on base; Athens 11 - Montgomery 5
TOP OF THE 9TH
Athens Assassins batting - Pitching for Montgomery Grey Sox : RHP Josh Jenkins
Pitching: RHP Orlando Aldape
Batting: RHB Luis López 0-0: Ball
1-0: Foul Ball, location: 2F
1-1: Ball
2-1: Foul Ball, location: 2F
2-2: Fly out, F3 (Line Drive, 3)
Batting: SHB Chris Barrett 0-0: Reached on error, E6 (Groundball, 56)
Batting: RHB Maximino Abbado 0-0: Called Strike
0-1: Foul Ball, location: 2F
0-2: Ball
1-2: Ball
2-2: Strikes out swinging
Batting: RHB Jonathon García 0-0: Ball
1-0: Called Strike
1-1: Called Strike
1-2: Ball
2-2: Ball
3-2: Strikes out swinging
Top of the 9th over - 0 runs, 0 hits, 1 error, 1 left on base; Athens 11 - Montgomery 5
BOTTOM OF THE 9TH
Montgomery Grey Sox batting - Pitching for Athens Assassins : RHP Rod Whitaker
Now at 1B: Justin Tomlinson
Now at 2B: Alfonso Flores
Batting: RHB Luis Pineda 0-0: Called Strike
0-1: Ball
1-1: Ball
2-1: Swinging Strike
2-2: Strikes out swinging
Batting: SHB Rob Lowe 0-0: Called Strike
0-1: Ball
1-1: Ball
2-1: Ball
3-1: Swinging Strike
3-2: Base on Balls
Batting: RHB Joaquín Medina 0-0: Reached on error, E6 (Groundball, 6M)
Rob Lowe to second
Batting: RHB Arturo Camacho 0-0: Foul Ball, location: 2F
0-1: Ball
1-1: Foul Ball, location: 2F
1-2: Strikes out looking
Batting: RHB Julius Farmer 0-0: Called Strike
0-1: Ball
1-1: Ball
2-1: Foul Ball, location: 2F
2-2: Fly out, F4 (Popup, 4M)
Bottom of the 9th over - 0 runs, 0 hits, 1 error, 2 left on base; Athens 11 - Montgomery 5
Saturday, April 7th, 2018 - OOTP Baseball 18.8 Build 76